 Dungeon Crawl Stone Soup version 0.30.1-11-g7821555f0a (webtiles) character file.

Game seed: 11897855655529823834

18 Amplified the Caller (level 2, 0/21 HPs)
             Began as a Demonspawn Summoner on Nov 10, 2023.
             Killed from afar by Sigmund (8 damage)
             ... with a puff of flame
             ... on level 2 of the Dungeon.
             The game lasted 00:01:55 (1285 turns).

Amplified the Caller (Demonspawn Summoner)          Turns: 1285, Time: 00:01:56

Health: 0/21       AC:  3    Str:  8    XL:     2   Next: 48%
Magic:  5/5        EV: 12    Int: 16    God:
Gold:   34         SH:  0    Dex: 13    Spells: 4/5 levels left

rFire   . . .        c - +0 short sword
rCold   . . .        (no shield)
rNeg    . . .        a - +1 robe
rPois   .            (no helmet)
rElec   .            (no cloak)
rCorr   .            (no gloves)
SInv    .            (no boots)
Will    .....        (no amulet)
Stlth   ++           (no ring)
HPRegen 0.23/turn    (no ring)
MPRegen 0.09/turn

%: no passive effects
@: mighty
A: condensation shield
a: no special abilities


You were on level 2 of the Dungeon.
You visited 1 branch of the dungeon, and saw 2 of its levels.

You collected 64 gold pieces.
You spent 30 gold pieces at shops.

Inventory:

Hand Weapons
 c - a +0 short sword (weapon)
Armour
 a - a +1 robe (worn)
Scrolls
 e - a scroll of vulnerability
Potions
 b - a potion of magic
 f - a potion of berserk rage {unknown}
 g - a potion of brilliance {unknown}


   Skills:
 * Level 1.1 Fighting
 - Level 1.7 Dodging
 - Level 1.7 Stealth
 * Level 2.3 Spellcasting
 * Level 4.2 Summonings


You had 4 spell levels left.
You knew the following spells:

 Your Spells              Type           Power      Damage    Failure   Level
a - Summon Small Mammal   Summ           60%        N/A       3%          1

Your spell library contained the following spells:

 Spells                   Type           Power      Damage    Failure   Level
 Call Imp                 Summ           30%        N/A       5%          2
 Call Canine Familiar     Summ           15%        N/A       11%         3
 Summon Guardian Golem    Hex/Summ       8%         N/A       26%         3
 Summon Lightning Spire   Summ/Air       8%         N/A       63%         4


Dungeon Overview and Level Annotations

Branches:
Dungeon (2/15)

Altars:

Shops:
D:1 =[:*

Annotations:
D:2 Sigmund


Innate Abilities, Weirdness & Mutations

A meltable shield of frost defends you. (SH +0)


Message History

The gnoll barely misses your bat.
Your rat bites the gnoll.
Your bat closely misses the gnoll.
The gnoll attacks as you move away! The gnoll hits you with a +0 spear.
* * * LOW HITPOINT WARNING * * *
Your bat hits the gnoll but does no damage.
The gnoll completely misses you.
Your rat barely misses the gnoll.
Unknown command.
Okay, then.
It was a potion of might.
You feel very mighty all of a sudden.
Your bat hits the gnoll. The gnoll misses your bat.
Your rat bites the gnoll.
Your bat hits the gnoll.
Unknown command.
Your bat hits the gnoll but does no damage.
Your rat bites the gnoll.
Your bat hits the gnoll but does no damage.
Your rat bites the gnoll.
Your bat hits the gnoll.
Your bat hits the gnoll but does no damage.
The gnoll hits your rat with a +0 spear.
Your rat dies!
Your rat's corpse disappears in a puff of smoke!
The gnoll misses your bat.
Your bat hits the gnoll but does no damage.
Your bat hits the gnoll but does no damage.
Your bat barely misses the gnoll.
The gnoll hits your bat with a +0 spear.
Your bat hits the gnoll.
Your bat closely misses the gnoll.
Your bat hits the gnoll but does no damage.
The gnoll misses your bat.
Your bat hits the gnoll but does no damage.
The gnoll closely misses your bat.
Your bat misses the gnoll.
The gnoll hits your bat with a +0 spear!
Your bat dies!
Your bat's corpse disappears in a puff of smoke!
Sigmund points at you and mumbles some strange words.
The puff of flame hits you!
Your condensation shield dissipates!
You die...

...........##.#.#...#...##..#
...#................g........#
........##..##......g#..###..####
...#................g............
...#..#.##...............###.####
...........................#.####
......#..#..@............#.#.##.#
.............#.#.....#.#.#.#.##.#
................@............##.#
.#....#......#.#<#.#.#.#.#.#.##.#
.###..#................#.#.#.##.#
......##.....#.#.#.......#.#.##.#
.####..#.....#.#.###.#.###.#.##.#
.#####...........###.#.###.#.##.#
................................#
.#######.>##.###.#.#...###...##.#
.........###.###.#.#...#####.##.#


You could see Sigmund and 3 gnolls.

Vanquished Creatures
  A worm (D:2)
  An endoplasm (D:1)
  A goblin (D:1)
  2 hobgoblins
  A frilled lizard (D:1)
  2 kobolds
8 creatures vanquished.

Vanquished Creatures (collateral kills)
  An endoplasm (D:2)
  A hobgoblin (D:1)
  3 frilled lizards
  2 kobolds
  A rat (D:2)
8 creatures vanquished.

Grand Total: 16 creatures vanquished

Notes
Turn   | Place    | Note
-------+----------+-------------------------------------------
     0 | D:1      | Amplified the Demonspawn Summoner began the quest for the
                  | Orb.
     0 | D:1      | Reached XP level 1. HP: 13/13 MP: 3/3
   100 | D:1      | Found Bitsasuu's Jewellery Boutique.
   244 | D:1      | Found Ashos's Antique Armour Shoppe.
   283 | D:1      | Found Civufu's Book Shop.
   473 | D:1      | Found Meeras's Assorted Antiques.
   481 | D:1      | Bought a scroll labelled KOOD IBIKUU for 30 gold pieces
   549 | D:1      | Gained mutation: A meltable shield of frost defends you.
                  | (SH +0) [demonic ancestry]
   549 | D:1      | Reached XP level 2. HP: 20/20 MP: 1/5
   632 | D:1      | Found a faded altar of an unknown god.
   969 | D:2      | Reached skill level 1 in Fighting
  1078 | D:2      | Noticed Sigmund
  1257 | D:2      | HP: 1/21 [gnoll/+0 spear (4)]
  1285 | D:2      | Killed from afar by Sigmund

Illustrated notes

Levels and vault maps discovered:
D:1:      dpeg_arrival_three_smaller_balls, layout_rooms, serial_shops, shop,
          nicolae_shop_crystal, nicolae_book_shop_shelving, shop,
          dilly_ecumenical_altar_fadedgnrine
D:2:      layout_basic, uniq_sigmund

Skill      XL: |  1  2 |
---------------+-------+-----
Fighting       | 1 |  1.1
Dodging        | |  1.7
Stealth        | |  1.7
Spellcasting   | |  2.3
Summonings     | |  4.2

Action                     || total
---------------------------++-------
  Melee: Short sword       ||    30
         Unarmed           ||     7
   Cast: Summon Small Mamm ||    23
    Use: Scroll            ||     3
         Potion            ||     2
 Armour: Robe              ||     5
  Dodge: Dodged            ||    20
  Block: Other             ||     1
